AoeStats
← Alejandro

Four Lakes

507919363Analyzed
1v1 RM · 12d ago on Sep 20, 2026· 42m 42s· 2 players
Game mode
Random Map
Map size
Tiny (2 player)
Population
200
Speed
Normal
Resources
Standard
Victory
Conquest
Starting age
Dark Age
Ending age
Imperial Age
RankedLock teamsTeams togetherTeam positionsShared explorationLock speedFull tech treeHidden civsTurbo modeCheats
Victory
Defeat
🇨🇴 Lithuanians · Colombia
1082
+29
🇨🇭 Lithuanians · Switzerland
1074
-16
Meninkain
7:39 Loom
12:22 Feudal Age
13:52 Fishing Lines
14:03 Double-Bit Axe
17:48 Castle Age
16:51 Bloodlines
16:57 Forging
17:41 Gold Mining
17:59 Scale Barding Armor
18:36 Wheelbarrow
19:04 Bow Saw
20:10 Fervor
21:00 Gillnets
22:59 Iron Casting
22:25 Stone Mining
24:00 Chain Barding Armor
24:51 Horse Collar
26:57 Heavy Plow
28:31 Stone Shaft Mining
37:13 Fletching
38:01 Bodkin Arrow
42:31 Imperial Age
40:17 Hand Cart
39:47 Town Watch
40:54 Devotion
42:07 Treadmill Crane
Alejandro
5:08 Loom
11:21 Feudal Age
12:46 Wheelbarrow
19:05 Castle Age
17:21 Double-Bit Axe
18:00 Gold Mining
18:40 Fishing Lines
19:12 Pikeman
20:01 Husbandry
20:18 Scale Mail Armor
22:31 Chain Mail Armor
22:22 Scale Barding Armor
23:10 Forging
25:08 Bloodlines
25:35 Iron Casting
26:04 Horse Collar
34:41 Chain Barding Armor
34:27 Squires
40:33 Imperial Age
39:14 Bow Saw
39:27 Heavy Plow
39:19 Stone Mining
40:26 Arson
40:35 Cavalier
41:04 Capped Ram
41:55 Halberdier
Connection lost

Rejoining the realm…

Still unreachable

The connection could not be restored.

Session expired

The server has moved on; the page needs a fresh start.